 Dungeon Crawl Stone Soup version 0.24-a0-504-gcfb02b9d07 (webtiles) character file.

Game seed: 721515351605759819

56 Inarius the Caller (level 3, -2/24 HPs)
             Began as a Demonspawn Summoner on July 16, 2019.
             Killed by divine providence
             ... invoked by an orc priest
              (14 damage)
             ... on level 3 of the Dungeon.
             The game lasted 00:05:47 (3562 turns).

Inarius the Caller (Demonspawn Summoner)            Turns: 3562, Time: 00:05:48

Health: -2/24      AC:  5    Str:  8    XL:     3   Next: 71%
Magic:  3/6        EV: 12    Int: 17    God:
Gold:   127        SH:  0    Dex: 13    Spells: 1/7 levels left

rFire    . . .     SeeInvis .   d - +0 short sword
rCold    + . .     Gourm    .   (no shield)
rNeg     . . .     Faith    .   g - +0 leather armour
rPois    .         Spirit   .   (no helmet)
rElec    .         Reflect  .   (no cloak)
rCorr    +         Harm     .   (no gloves)
MR       .....                  (no boots)
Stlth    ++........             (no amulet)
HPRegen  0.08/turn              e - ring of protection from cold
MPRegen  0.10/turn              h - ring of resist corrosion

@: no status effects
A: talons 1, thin metallic scales 1
a: no special abilities


You were on level 3 of the Dungeon.
You were not hungry.

You visited 1 branch of the dungeon, and saw 3 of its levels.

You collected 127 gold pieces.

Inventory:

Hand Weapons
 d - a +0 short sword (weapon)
Missiles
 k - 9 boomerangs (quivered)
Armour
 g - a +0 leather armour (worn)
Jewellery
 e - a ring of protection from cold (left hand)
 h - a ring of resist corrosion (right hand)
Scrolls
 a - 3 scrolls of remove curse
 l - 2 scrolls of fear {unknown}
 n - a scroll of magic mapping {unknown}
 o - a scroll of teleportation
Potions
 b - a potion of degeneration {unknown}
 f - 2 potions of might {unknown}
 j - 2 potions of curing {unknown}
 m - a potion of agility {unknown}
Comestibles
 c - 8 rations
 i - a chunk of flesh


   Skills:
 - Level 0.2 Short Blades
 + Level 1.1 Armour
 + Level 2.1 Dodging
 - Level 1.7 Stealth
 + Level 2.6 Spellcasting
 + Level 4.5 Summonings


You had one spell level left.
You knew the following spells:

 Your Spells              Type           Power        Failure   Level  Hunger
a - Summon Small Mammal   Summ           ###.         4%          1    #......
b - Call Imp              Summ           ###.....     6%          2    ##.....
c - Call Canine Familiar  Summ           ###.....     12%         3    ###....

Your spell library contained the following spells:

 Spells                   Type           Power        Failure   Level  Hunger
 Summon Guardian Golem    Hex/Summ       #.......     30%         3    ###....
 Summon Ice Beast         Ice/Summ       #.......     71%         4    #####..
 Summon Lightning Spire   Summ/Air       #.......     71%         4    #####..


Dungeon Overview and Level Annotations

Branches:
Dungeon (3/15)

Altars:


Innate Abilities, Weirdness & Mutations

You have sharp toenails.
You are partially covered in thin metallic scales. (AC +2)


Message History

You see here a leather armour.
Things that are here:
a +0 flail; a cursed +0 leather armour; an orc skeleton
Things that are here:
a +0 leather armour; a +0 flail The orc priest shouts!
The orc priest is too close now for your liking.
Casting: Call Imp (safe; 6% risk of failure)
Confirm with . or Enter, or press ? or * to list all spells.
The orc priest mumbles some strange prayers to Beogh against you.
Beogh smites you!
Your hound closely misses the orc priest.
Your hound bites the orc priest.
The orc priest hits you with a +0 club.
Your hound bites the orc priest.
You hit the orc priest but do no damage.
The orc priest is moderately wounded.
The orc priest mumbles some strange prayers to Beogh against you.
Beogh smites you!
Ouch! That really hurt!
You die...

#....#.# #########.#
#.......#.#
####.##.#..#.#
#............#
#.#.#.#.#.#..#
...#.#.#.#.#..#
#.##.#.#.#.#.#..#######.
# #.#.#.#.#.#@.........
#.#.#)#.#.#o.#####.#.
#.o.........h#
##.#######...# #..#
##### .. .. ######.##
.###. $ #.......# ....
.. #.#####.#
#########...#.# #.#
#...oo5.#....<#


You could see an orc priest and a friendly hound.

Vanquished Creatures
  A worm (D:2)
  A leopard gecko (D:2)
  3 orcs
  2 bats (D:2)
  5 giant cockroaches (D:2)
  5 goblins
  3 hobgoblins (D:2)
  4 frilled lizards
  2 kobolds (D:2)
  7 rats
33 creatures vanquished.

Vanquished Creatures (collateral kills)
  Terence (D:2)
  2 goblins
  3 hobgoblins
  2 jackals (D:1)
  A kobold (D:1)
9 creatures vanquished.

Grand Total: 42 creatures vanquished

Notes
Turn   | Place    | Note
-------+----------+-------------------------------------------
     0 | D:1      | Inarius the Demonspawn Summoner began the quest for the
                  | Orb.
     0 | D:1      | Reached XP level 1. HP: 13/13 MP: 3/3
  1174 | D:1      | Gained mutation: You have sharp toenails. [demonic
                  | ancestry]
  1174 | D:1      | Reached XP level 2. HP: 19/19 MP: 5/5
  1717 | D:2      | Learned a level 2 spell: Call Imp
  1931 | D:2      | Noticed Terence
  1954 | D:2      | Killed Terence
  1954 | D:2      | Gained mutation: You are partially covered in thin metallic
                  | scales. (AC +2) [demonic ancestry]
  1954 | D:2      | Reached XP level 3. HP: 6/24 MP: 2/6
  2401 | D:2      | Reached skill level 1 in Armour
  2708 | D:2      | Learned a level 3 spell: Call Canine Familiar
  3562 | D:3      | Killed from afar by an orc priest

Levels and vault maps discovered:
D:1:      lightli_arrival_chessboard, layout_basic
D:2:      layout_loops_corners, uniq_terence
D:3:      layout_basic, chequers_temple_overflow_statue_of_worship,
          minmay_misc_feat_rows, grunt_decor_one_mirror

Skill      XL: |  1  2  3 |
---------------+----------+-----
Armour         | 1 |  1.1
Dodging        | 2 |  2.1
Short Blades   | |  0.2
Stealth        | |  1.7
Spellcasting   | |  2.6
Summonings     | |  4.5

Action                   || total
-------------------------++-------
Melee: Short sword       ||   122
       Dagger            ||    13
       Kick              ||    18
Throw: Boomerang         ||     2
 Cast: Summon Small Mamm ||    12
       Call Imp          ||     7
       Call Canine Famil ||     1
  Use: Scroll            ||     6
 Stab: Sleeping          ||     3
  Eat: Chunk             ||     9
Armor: Robe              ||    11
       Leather armour    ||    41
Dodge: Dodged            ||    91

Table legend:
 A = Non-vault XP
 B = Vault XP
 C = Vault XP percentage of total XP
 D = Non-vault monster count
 E = Vault monster count
 F = Vault count percentage of total count
                 A         B        C        D         E       F
            +---------+---------+-------+---------+---------+-------
      Total |      65 |      16 |  19.8 |      41 |       1 |   2.4
            +---------+---------+-------+---------+---------+-------
        D:1 |      12 |       0 |   0.0 |      11 |       0 |   0.0
        D:2 |      44 |      16 |  26.7 |      26 |       1 |   3.7
        D:3 |       9 |       0 |   0.0 |       4 |       0 |   0.0
            +---------+---------+-------+---------+---------+-------
